 Dungeon Sprint DCSS version 0.19.1-1-g22dce08 (webtiles) character file.

2893 dvd the Bludgeoner (level 9, -3/94 HPs)
             Began as a Minotaur Berserker on Jan 2, 2017.
             Was the Champion of Trog.
             Slain by an unseen horror (11 damage)
             ... in the Dungeon (Sprint III: "The Ten Rune Challenge").
             The game lasted 00:09:17 (1922 turns).

dvd the Bludgeoner (Minotaur Berserker)             Turns: 1922, Time: 00:09:17

Health: -3/94      AC:  3    Str: 22    XL:     9   Next: 48%
Magic:  8/8        EV: 17    Int:  4    God:    Trog [******]
Gold:   1732       SH:  0    Dex: 13    Spells: 0 memorised, 8 levels left

rFire  . . .     SeeInvis .     x - +5 falchion (holy)
rCold  . . .     Gourm    .     k - +1 robe {Archmagi}
rNeg   . . .     Faith    .     (no shield)
rPois  .         Spirit   .     (helmet restricted)
rElec  .         Reflect  .     (no cloak)
rCorr  .         Harm     .     (no gloves)
MR     ++...     Clarity  +     (no boots)
Stlth  ++........ NoTele   +    (no amulet)
                                (no ring)
                                (no ring)

@: regenerating
A: retaliatory headbutt, beak, horns 2, clarity, evolution 1
a: Berserk, Trog's Hand, Brothers in Arms, Burn Spellbooks, Renounce Religion


You were in the Dungeon.
You worshipped Trog.
Trog was exalted by your worship.
You were hungry.

You visited 1 branch You collected 1732 gold pieces.

Inventory:

Hand Weapons
 a - a +0 mace
 b - a +1 long sword of holy wrath
 j - a +4 great sword of holy wrath
 m - a +2 scimitar of flaming
 q - a +4 antimagic triple sword
 v - a +5 bardiche of protection
 x - a +5 falchion of holy wrath (weapon)
Armour
 k - a +1 robe of the Archmagi (worn)
Wands
 l - a wand of flame (21/48)
Scrolls
 i - 2 scrolls of blinking
 o - 2 scrolls of identify
 p - 2 scrolls of remove curse
 t - a scroll of immolation {unknown}
Potions
 e - a potion of might
 f - a potion of haste
 g - 2 potions of magic
 h - 2 potions of berserk rage
 r - 4 potions of cure mutation
 s - 3 potions of flight
Comestibles
 c - a bread ration
 u - a fruit


   Skills:
 + Level 13.9 Fighting
 + Level 7.9 Long Blades
 + Level 15.0 Maces & Flails
 + Level 6.2 Polearms
 + Level 8.6 Armour
 + Level 8.4 Dodging
 + Level 3.1 Stealth


You had 8 spell levels left.
You didn't know any spells.

Dungeon Overview and Level Annotations

Branches:
Dungeon (1/1)

Altars:
Cheibriados
Dithmenos
Elyvilon
Fedhas
Gozag
Hepliaklqana
Kikubaaqudgha
Makhleb
Nemelex Xobeh
Okawaru
Qazlal
Ru
Sif Muna
Trog
Uskayaw
Vehumet
Xom
Yredelemnul
Zin
The Shining One
Beogh
Jiyva
Lugonu

Shops:
D %


Innate Abilities, Weirdness & Mutations

You reflexively headbutt those who attack you in melee.
You have a pair of horns on your head.
You have a beak for a mouth.
You possess an exceptional clarity of mind.
You evolve.


Message History

* * * LOW HITPOINT WARNING * * *
Something closely misses you.
You hit something but do no damage. Your headbutt misses something.
You peck something. Something hits you.
* * * LOW HITPOINT WARNING * * *
Something hits you.
* * * LOW HITPOINT WARNING * * *
Something hits you.
* * * LOW HITPOINT WARNING * * *
Unknown command.
Okay, then.
Unknown command.
Something hits you!
* * * LOW HITPOINT WARNING * * *
Something hits you.
* * * LOW HITPOINT WARNING * * *
Something hits you but does no damage.
There is an open door, spattered with blood here.
Something hits you!
You die...

####.###.######
#__##∩#.###...+
#._#.........##
#)##..........#
...#.........##
...#)##..###.# ##'#).####
#.#
...#'#####################
...#..§§≈'.#.)).@'.#.#.#.+
...#.#≈§§#.#.#...##.#.#.#
...'.#[§.#.#.#...#.#.#.#.#
...#.#.§§#...#...##.#.#.##
▓▓▓▓▓▓▓▓▓▓▓▓▓▓▓▓▓#.#.#.#.#
##.#.#.## +.#.#.#.# ##
#.#.## ####


There were no monsters in sight!

Vanquished Creatures
  Erica (D)
  A centaur warrior (D)
  A deep elf mage (D)
  A shadow (D)
  A spatial vortex (D)
  An orc warrior (D)
  A necrophage (D)
  2 centaurs (D)
  An earth elemental (D)
  A water elemental (D)
  A jelly (D)
  An orc wizard (D)
  A wizard (D)
  Jessica (D)
  A necromancer (D)
  3 humans (D)
  A kobold demonologist (D)
  A wolf (D)
  An ooze (D)
  16 orcs (D)
  2 rats (D)
40 creatures vanquished.

Vanquished Creatures (others)
  2 draconian scorchers (D)
  6 hellions (D)
  2 yaktaurs (D)
  2 plants (D)
12 creatures vanquished.

Grand Total: 52 creatures vanquished

Notes
Turn   | Place    | Note
-------+----------+-------------------------------------------
     0 | D        | dvd the Minotaur Berserker began the quest for the Orb.
     0 | D        | Reached XP level 1. HP: 19/19 MP: 0/0
     9 | D        | Reached skill level 4 in Maces & Flails
    36 | D        | Noticed Jessica
    40 | D        | Killed a yaktaur
    42 | D        | Killed Jessica
    42 | D        | Reached ** piety under Trog
    42 | D        | Reached skill level 5 in Fighting
    42 | D        | Reached skill level 6 in Maces & Flails
    42 | D        | Reached XP level 2. HP: 23/29 MP: 1/1
    42 | D        | Reached XP level 3. HP: 30/36 MP: 2/2
   104 | D        | Killed a hellion
   105 | D        | Killed a hellion
   105 | D        | Killed a hellion
   116 | D        | Killed a white draconian scorcher
   117 | D        | Killed a white draconian scorcher
   126 | D        | Killed a hellion
   186 | D        | Reached *** piety under Trog
   186 | D        | Reached skill level 7 in Maces & Flails
   194 | D        | Killed a hellion
   195 | D        | Killed a hellion
   309 | D        | Noticed a water elemental
   312 | D        | Killed a water elemental
   312 | D        | Reached skill level 8 in Maces & Flails
   312 | D        | Reached XP level 4. HP: 48/48 MP: 3/3
   348 | D        | Found a glowing silver altar of Zin.
   348 | D        | Found a glowing golden altar of the Shining One.
   348 | D        | Found a white marble altar of Elyvilon.
   349 | D        | Noticed a deep elf mage
   359 | D        | Killed a deep elf mage
   359 | D        | Reached skill level 10 in Fighting
   359 | D        | Reached skill level 11 in Maces & Flails
   359 | D        | Reached skill level 5 in Dodging
   359 | D        | Reached skill level 1 in Stealth
   359 | D        | Reached XP level 5. HP: 32/59 MP: 4/4
   359 | D        | Reached XP level 6. HP: 37/67 MP: 5/5
   431 | D        | Killed a yaktaur
   501 | D        | Found a radiant altar of Vehumet.
   501 | D        | Found a deep blue altar of Sif Muna.
   501 | D        | Found an ancient bone altar of Kikubaaqudgha.
   507 | D        | Reached **** piety under Trog
   507 | D        | Reached skill level 12 in Maces & Flails
   507 | D        | Reached XP level 7. HP: 46/73 MP: 6/6
   510 | D        | Noticed an ice devil
   528 | D        | Reached ***** piety under Trog
   704 | D        | Found a hide-covered altar of Uskayaw.
   704 | D        | Found a roughly hewn altar of Beogh.
   704 | D        | Found an iron altar of Okawaru.
   704 | D        | Found a bloodstained altar of Trog.
   704 | D        | Noticed a human
   707 | D        | Noticed a human
   708 | D        | Killed a human
   712 | D        | Killed a human
   712 | D        | Reached skill level 13 in Maces & Flails
   744 | D        | Found a basalt altar of Yredelemnul.
   744 | D        | Found a shadowy altar of Dithmenos.
   744 | D        | Found a sacrificial altar of Ru.
   920 | D        | Gained mutation: You possess an exceptional clarity of mind. [potion of mutation]
   920 | D        | Gained mutation: You have a beak for a mouth. [potion of mutation]
   920 | D        | Gained mutation: You evolve. [potion of mutation]
   921 | D        | Gained mutation: You are weak. (Str -2) [potion of mutation]
   921 | D        | Lost mutation: You are weak. (Str -2) [potion of mutation]
   925 | D        | Noticed a shadow
   929 | D        | Killed a shadow
   929 | D        | Received a gift from Trog
   929 | D        | Reached XP level 8. HP: 84/84 MP: 7/7
   950 | D        | Found a blossoming altar of Fedhas.
   950 | D        | Found a stormy altar of Qazlal.
   950 | D        | Found a snail-covered altar of Cheibriados.
   950 | D        | Found a burning altar of Makhleb.
   950 | D        | Found a shimmering altar of Xom.
   952 | D        | Found a hazy altar of Hepliaklqana.
   952 | D        | Found an opulent altar of Gozag.
   952 | D        | Found a sparkling altar of Nemelex Xobeh.
   952 | D        | Found a corrupted altar of Lugonu.
   952 | D        | Found a viscous altar of Jiyva.
   963 | D        | Reached ****** piety under Trog
   963 | D        | Reached skill level 1 in Long Blades
   963 | D        | Reached skill level 14 in Maces & Flails
  1076 | D        | Found Afaaxkac's Food Boutique.
  1077 | D        | Noticed Erica
  1085 | D        | Killed Erica
  1149 | D        | Reached skill level 15 in Maces & Flails
  1149 | D        | Reached XP level 9. HP: 85/92 MP: 8/8
  1150 | D        | Reached skill level 5 in Long Blades
  1151 | D        | Received a gift from Trog
  1163 | D        | Received a gift from Trog
  1450 | D        | Reached skill level 1 in Polearms
  1551 | D        | Noticed a centaur warrior
  1561 | D        | Received a gift from Trog
  1571 | D        | Killed a centaur warrior
  1863 | D        | HP: 1/93 [something (5)]
  1922 | D        | Slain by an unseen horror

Skill      XL: |  1  2  3  4  5  6  7  8  9 |
---------------+----------------------------+-----
Fighting       | 5 7 10 12 13 | 13.9
Maces & Flails | 6 8 11 12 13 15 | 15.0
Armour         | 3 4 6 7 8 |  8.6
Dodging        | 3 5 6 7 8 |  8.4
Stealth        | 1 2 3 |  3.1
Long Blades    | 4 7 |  7.9
Polearms       | 6 |  6.2

Action                   |  1- 3 |  4- 6 |  7- 9 || total
-------------------------+-------+-------+-------++-------
Melee: Mace              |    16 |    11 |    37 ||    64
       Headbutt          |     1 |       |    18 ||    19
       Great sword       |       |       |     8 ||     8
       Peck              |       |       |    10 ||    10
       Bardiche          |       |       |    17 ||    17
       Falchion          |       |       |     8 ||     8
       Triple sword      |       |       |     8 ||     8
Invok: Berserk           |     2 |     2 |     4 ||     8
       Burn Spellbooks   |       |       |     1 ||     1
       Trog's Hand       |       |       |     2 ||     2
       Brothers in Arms  |       |       |     1 ||     1
  Use: Scroll            |     1 |       |     1 ||     2
       Potion            |       |     1 |     3 ||     4
 Stab: Distracted        |       |       |     1 ||     1
       Sleeping          |       |       |     1 ||     1
  Eat: Chunk             |       |     1 |     5 ||     6
       Royal jelly       |       |       |     2 ||     2
       Fruit             |       |       |     1 ||     1
Armor: Scale mail        |     3 |       |       ||     3
       Robe              |       |     1 |     7 ||     8
Dodge: Dodged            |     7 |     1 |    66 ||    74
       Rpst.: Great sword |       |       |     3 ||     3
       Triple sword      |       |       |     2 ||     2
